 Dungeon Sprint DCSS version 0.29-a0-194-g6e3aafee17 (webtiles) character file.

Game seed: 11099215838287834941

676 Zeldest the Ruffian (level 7, -5/76 HPs)
             Began as a Troll Fighter on Feb 23, 2022.
             Was an Initiate of Cheibriados.
             Slain by a +2 short sword of venom (6 damage)
             ... in the Dungeon (Sprint V: "Ziggurat Sprint").
             The game lasted 00:02:03 (95 turns).

Zeldest the Ruffian (Troll Fighter)                   Turns: 95, Time: 00:02:04

Health: -5/76      AC: 19    Str: 38    XL:     7   Next: 33%
Magic:  2/10       EV:  3    Int:  7    God:    Cheibriados [......]
Gold:   0          SH:  9    Dex: 10    Spells: 6/6 levels left

rFire   + . .      SeeInvis .     - Unarmed
rCold   + . .      Faith    .   b - +0 kite shield
rNeg    . . .      Spirit   .   j - +5 gold dragon scales
rPois   +          Reflect  .   (helmet restricted)
rElec   .          Harm     .   (no cloak)
rCorr   .          Rampage  .   (gloves unavailable)
Will    .....      NoTele   +   (boots unavailable)
Stlth   ..........              (no amulet)
HPRegen 1.02/turn               C - +6 ring of strength
MPRegen 0.12/turn               B - +6 ring of strength

@: lethally poisoned (-5 -> -6), very slow
A: large, unfitting armour, claws 3, regeneration 1, shaggy fur 1, tough skin 1
a: Renounce Religion


You were in the Dungeon.
You worshipped Cheibriados.
Cheibriados was noncommittal.
You visited 1 branch

Inventory:

Armour
 a - a +0 robe
 b - a +0 kite shield (worn)
 j - +5 gold dragon scales (worn)
Jewellery
 w - a ring of flight
 x - a +6 ring of dexterity
 y - a +6 ring of dexterity
 z - a +6 ring of intelligence
 A - a +6 ring of intelligence
 B - a +6 ring of strength (right claw)
 C - a +6 ring of strength (left claw)
 D - a +4 ring of protection
Wands
 t - a wand of mindburst (7)
 u - a wand of iceblast (7)
 v - a wand of acid (6)
Scrolls
 i - 4 scrolls of blinking
 k - 4 scrolls of amnesia
 l - 7 scrolls of fog
 m - a scroll of holy word
 n - 5 scrolls of identify
 o - 2 scrolls of fear
Potions
 c - 6 potions of might
 d - 10 potions of curing
 e - 10 potions of heal wounds
 f - 6 potions of haste
 g - 7 potions of magic
 h - 3 potions of berserk rage
 p - 2 potions of brilliance
 q - 2 potions of invisibility
 r - 4 potions of resistance
 s - a potion of experience


   Skills:
 + Level 6.5 Fighting
 - Level 2.4 Dodging
 + Level 6.5 Shields
 + Level 7.4 Unarmed Combat
 + Level 5.3 Transmutations
 + Level 6.4 Invocations


You had 6 spell levels left.
You didn't know any spells.
Your spell library was empty.

Dungeon Overview and Level Annotations

Branches:
Dungeon (1/1)

Altars:
Ashenzari
Cheibriados
Dithmenos
Elyvilon
Fedhas
Gozag
Hepliaklqana
Kikubaaqudgha
Makhleb
Nemelex Xobeh
Okawaru
Qazlal
Ru
Sif Muna
Trog
Uskayaw
Vehumet
Wu Jian
Xom
Yredelemnul
Zin
The Shining One
Beogh
Jiyva
Lugonu

Annotations:
D 1 transporter


Innate Abilities, Weirdness & Mutations

You are too large for most types of armour.
You have claws for hands.
Your natural rate of healing is unusually fast.
You are covered in fur. (AC +1)
You have tough skin. (AC +1)


Message History

There is a transporter here.
Welcome to arena 2.
You enter the transporter and appear at another place.
A deep elf knight, a +2 short sword of venom and a deep elf pyromancer come into view.
The deep elf knight shouts!
The deep elf pyromancer shouts!
Found three items.
Found a transporter.
You are too injured to fight recklessly!
You are too injured to fight recklessly!
You are too injured to fight recklessly!
The +2 short sword of venom hits you.
You scratch the +2 short sword of venom but do no damage.
You block the +2 short sword of venom's attack. x2
You scratch the +2 short sword of venom.
The +2 short sword of venom is lightly damaged.
You block the +2 short sword of venom's attack.
The deep elf knight hits you with a +0 short sword.
The deep elf pyromancer points at you and mumbles some strange words.
The bolt of fire misses you. The +2 short sword of venom hits you!
* * * LOW HITPOINT WARNING * * *
You miss the +2 short sword of venom.
The +2 short sword of venom is lightly damaged.
The +2 short sword of venom hits you.
* * * LOW HITPOINT WARNING * * *
The deep elf knight hits you with a +0 short sword.
* * * LOW HITPOINT WARNING * * *
The deep elf pyromancer mumbles some strange words.
You scratch the +2 short sword of venom but do no damage.
The +2 short sword of venom is lightly damaged.
The +2 short sword of venom hits you.
* * * LOW HITPOINT WARNING * * *
You are poisoned.
The +2 short sword of venom hits you.
* * * LOW HITPOINT WARNING * * *
You block the deep elf knight's attack.
The deep elf pyromancer hits you but does no damage.
You scratch the +2 short sword of venom.
The +2 short sword of venom is lightly damaged.
* * * LOW HITPOINT WARNING * * *
You feel sick. The +2 short sword of venom hits you.
You die...

▓▓▓▓▓▓▓▓▓▓▓▓▓
▓.8©8.▓.8©8.▓
▓.)[[.▓.....▓
▓.....▓.|...▓
▓.○E..▓.....▓
▓.e(e○▓.....▓
▓..@E.▓..©..▓
▓..©..▓▓▓▓▓▓▓
▓▓▓▓▓▓▓


You could see a deep elf knight, a deep elf pyromancer, 2 fire elementals and a
+2 short sword of venom.

Vanquished Creatures
  2 toenail golems (D)
2 creatures vanquished.

Notes
Turn   | Place    | Note
-------+----------+-------------------------------------------
     0 | D        | Zeldest the Troll Fighter began the quest for the Orb.
     0 | D        | Reached XP level 1. HP: 22/22 MP: 0/0
     1 | D        | Found a blossoming altar of Fedhas.
     1 | D        | Found the +6 Majin-Bo {vamp, MP+6 Int+6}
     1 | D        | Found the +9 heavy crossbow "Sniper" {vorpal, Acc+∞ SInv}
     1 | D        | Found the +10 dark maul {vorpal}
     1 | D        | Found the +15 Maxwell's patent armour {-Cast -Tele rElec
                  | Will+ rCorr}
     1 | D        | Found the +18 shield of the Gong {rElec rN+ Will+ EV-5}
     1 | D        | Found the +14 obsidian axe {vorpal, Mesm Drain Fly SInv}
     1 | D        | Found the +7 great mace "Firestarter" {inner flame, rF++}
     1 | D        | Found the +6 shillelagh "Devastator" {shatter}
     1 | D        | Found the +11 plutonium sword {Contam Stlth-}
     1 | D        | Found the +8 lance "Wyrmbane" {slay drac, rPois rF+ rC+
                  | AC+3}
     1 | D        | Found the +9 sword of Zonguldrok {reap}
     1 | D        | Found the +13 scythe of Curses {drain, Drain}
     1 | D        | Found the +5 sword of Power {vorpal}
     1 | D        | Found the +7 mace of Variability {chain chaos}
     1 | D        | Found the +7 Singing Sword {vorpal, sonic wave}
     1 | D        | Found the +8 storm bow {elec, penet}
     5 | D        | Banished a spatial maelstrom
    14 | D        | Found a viscous altar of Jiyva.
    14 | D        | Found a hazy altar of Hepliaklqana.
    14 | D        | Found a transporter.
    14 | D        | Found an opulent altar of Gozag.
    14 | D        | Found an ancient bone altar of Kikubaaqudgha.
    14 | D        | Found a corrupted altar of Lugonu.
    16 | D        | Found a burning altar of Makhleb.
    17 | D        | Found a sacrificial altar of Ru.
    17 | D        | Found a shimmering blue altar of Sif Muna.
    17 | D        | Found a stormy altar of Qazlal.
    17 | D        | Found a bloodstained altar of Trog.
    17 | D        | Found an iron altar of Okawaru.
    17 | D        | Found a sparkling altar of Nemelex Xobeh.
    22 | D        | Banished a spatial maelstrom
    44 | D        | Became a worshipper of Cheibriados the Contemplative
    52 | D        | Entered arena 2.
    52 | D        | Noticed a toenail golem
    52 | D        | Noticed a toenail golem
    52 | D        | Found a transporter.
    74 | D        | Killed a toenail golem
    75 | D        | Reached skill level 5 in Fighting
    75 | D        | Reached skill level 5 in Shields
    75 | D        | Reached skill level 6 in Unarmed Combat
    75 | D        | Reached skill level 5 in Invocations
    75 | D        | Reached XP level 2. HP: 11/35 MP: 0/4
    75 | D        | Reached XP level 3. HP: 13/42 MP: 0/5
    75 | D        | Reached XP level 4. HP: 15/50 MP: 0/6
    75 | D        | Reached XP level 5. HP: 17/57 MP: 0/7
    75 | D        | Reached XP level 6. HP: 20/66 MP: 0/8
    82 | D        | Killed a toenail golem
    83 | D        | Reached skill level 7 in Unarmed Combat
    83 | D        | Reached skill level 5 in Transmutations
    83 | D        | Reached XP level 7. HP: 19/76 MP: 0/10
    89 | D        | Entered arena 3.
    89 | D        | Noticed a deep elf knight
    89 | D        | Noticed a +2 short sword of venom
    89 | D        | Noticed a deep elf pyromancer
    89 | D        | Found a transporter.
    94 | D        | Noticed a fire elemental
    94 | D        | Noticed a fire elemental
    94 | D        | HP: 2/76 [+2 short sword of venom (6)]
    95 | D        | Slain by a +2 short sword of venom

Illustrated notes

Levels and vault maps discovered:
D:        sprint_v [room_start, room_1, room_2, room_3, room_4, room_5, room_6,
          room_7, room_8, room_9, room_10, room_11, room_12, room_13, room_14,
          room_15, room_16, room_17, room_18, room_19, room_20, room_21,
          room_22, room_23, room_24, room_25, room_26, room_27]

Skill      XL: |  1  2  3  4  5  6 |
---------------+-------------------+-----
Fighting       | 5 6 |  6.5
Shields        | 5 6 |  6.5
Unarmed Combat | 6 7 |  7.4
Transmutations | 4 5 |  5.3
Invocations    | 5 6 |  6.4
Dodging        | |  2.4

Action                   |  1- 3 |  4- 6 |  7- 9 || total
-------------------------+-------+-------+-------++-------
Melee: Unarmed           |    21 |     8 |     5 ||    34
Evoke: Wand              |     1 |       |       ||     1
Armor: Gold dragon scale |    22 |     2 |     1 ||    25
Dodge: Dodged            |     5 |     1 |     1 ||     7
Block: Kite shield       |     9 |     1 |     4 ||    14

Table legend: (Time is in decaauts)
 A = Elapsed time spent in this place.
 B = Non-inter-level travel time spent in this place.
 C = Inter-level travel time spent in this place.
 D = Time resting spent in this place.
 E = Time spent auto-exploring this place.
 F = Levels seen in this place.
 G = Mean time per level.
                   A        B        C        D        E       F      G
               +--------+--------+--------+--------+--------+-----+--------+
         Total |    100 |    100 |      0 |      0 |      0 |   1 |  100.0 |
       Dungeon |    100 |    100 |      0 |      0 |      0 |   1 |  100.0 |
               +--------+--------+--------+--------+--------+-----+--------+

Top non-repeatable levels by time:
       D: 100 daAuts
